 Dungeon Crawl Stone Soup version 0.32-a0-909-gc671339a80 (webtiles) character file.

Game seed: 13619380903396367841

5967 Shayle the Fighter (level 10, -15/126 HPs)
             Began as a Coglin Alchemist on Apr 5, 2024.
             Was a Follower of Makhleb.
             Demolished by a minotaur
             ... wielding a +3 short sword of venom
              (19 damage)
             ... in a Gauntlet on Apr 6, 2024.
             The game lasted 00:32:47 (8972 turns).

Shayle the Fighter (Coglin Alchemist)               Turns: 8972, Time: 00:32:47

Health: -15/126    AC: 25    Str:  9    XL:     10   Next: 84%
Magic:  12/13      EV:  2    Int: 17    God:    Makhleb [*.....]
Gold:   505        SH:  0    Dex: 16    Spells: 10/14 levels left

rFire   . . .        l - +1 short sword (drain) {Xiang}
rCold   . . .        k - +0 dagger (speed) {Ajinder}
rNeg    . . .        E - melded +2 robe {rF+}
rPois   +            (helmet currently unavailable)
rElec   .            (cloak currently unavailable)
rCorr   .            o - melded +2 pair of gloves
SInv    .            D - melded +0 pair of boots
Will    .....        (amulet unavailable)
Stlth   ++           (ring unavailable)
HPRegen 0.41/turn    (ring unavailable)
MPRegen 0.13/turn    (no gizmo)

%: no teleportation
@: brilliant, tree-form, revving
A: stationary, stasis, torment immunity, boosted hp, off-hand wielding, slow
wielding, warmup strikes, no jewellery
a: Invent Gizmo, Renounce Religion


You were in a Gauntlet.
You worshipped Makhleb.
Makhleb was aware of your devotion.
You were a tree.
You visited 3 branches of the dungeon, and saw 11 of its levels.
You also visited: Sewer and Gauntlet.

You collected 505 gold pieces.

Inventory:

Hand Weapons
 d - a +0 whip {María}
 j - a +0 short sword {Xue}
 k - a +0 dagger of speed (offhand) {Ajinder}
 l - a +1 short sword of draining (weapon) {Xiang}
 r - the +1 morningstar of Skirmishing {freeze, rPois rN+ rCorr Stlth-}
   (You found it in a Gauntlet)

   rPois:     It protects you from poison.
   rN+:       It protects you from negative energy.
   rCorr:     It protects you from acid and corrosion.
   Stlth-:    It makes you less stealthy.
 y - a +1 hand axe of electrocution
Armour
 a - a +0 robe
 o - a +2 pair of gloves (melded)
 p - the +8 ring mail of Makhleb's Fury {rCorr}
   (You found it on level 3 of the Dungeon)

   rCorr:     It protects you from acid and corrosion.
 D - a +0 pair of boots (melded)
 E - a +2 robe of fire resistance (melded)
 G - a +1 pair of gloves of infusion
Wands
 z - a wand of flame (12)
Scrolls
 e - 2 scrolls of teleportation
 m - 3 scrolls of fog
 n - a scroll of immolation
 q - 3 scrolls of fear
 v - a scroll of brand weapon
 x - a scroll of noise
 F - a scroll of silence {unknown}
Potions
 b - a potion of magic
 f - 3 potions of enlightenment
 h - a potion of degeneration
 i - a potion of resistance
 u - 2 potions of mutation
 A - a potion of cancellation


   Skills:
 + Level 9.7 Fighting
 + Level 6.5 Long Blades
 + Level 8.8 Armour
 - Level 2.8 Dodging
 - Level 1.5 Stealth
 - Level 2.5 Spellcasting
 - Level 2.2 Conjurations
 - Level 4.2 Alchemy


You had 10 spell levels left.
You knew the following spells:

 Your Spells              Type           Power      Damage    Failure   Level
a - Sting                 Conj/Alch      76%        1d7       4%          1
b - Mephitic Cloud        Conj/Alch/Air  14%        N/A       22%         3

Your spell library contained the following spells:

 Spells                   Type           Power      Damage    Failure   Level
 Mercury Vapours          Alch/Air       26%        N/A       12%         2
 Cigotuvi's Dreadful Rot  Necr/Alch/Air  20%        N/A       16%         2
 Olgreb's Toxic Radiance  Alch           24%        N/A       32%         4
 Stone Arrow              Conj/Erth      16%        3d8       34%         3
 Passwall                 Erth           3%         N/A       50%         3
 Summon Ice Beast         Ice/Summ       3%         N/A       50%         3
 Teleport Other           Tloc           3%         N/A       50%         3
 Volatile Blastmotes      Fire/Tloc      6%         2d10      50%         3
 Sticky Flame             Fire/Alch      13%        2d5       61%         4
 Animate Armour           Summ/Erth      6%         N/A       88%         4
 Dispel Undead            Necr           3%         3d7       88%         4
 Martyr's Knell           Necr/Summ      3%         N/A       88%         4
 Vhi's Electric Charge    Tloc/Air       6%         N/A       88%         4
 Summon Mana Viper        Hex/Summ       3%         N/A       99%         5
 Bombard                  Conj/Erth      4%         9d2       100%        6
 Dispersal                Tloc           1%         N/A       100%        6
 Gell's Gavotte           Tloc           1%         2d(12-17) 100%        6
 Monstrous Menagerie      Summ           1%         N/A       100%        7
 Lehudib's Crystal Spear  Conj/Erth      4%         10d3      100%        8


Dungeon Overview and Level Annotations

Branches:
Dungeon (9/15)             Temple (1/1) D:7            Lair (1/5) D:9
  Sewer (visited)         Gauntlet (1/1)
    Orc: D:9-12

Altars:
Ashenzari
Cheibriados
Dithmenos
Elyvilon
Fedhas
Gozag
Hepliaklqana
Kikubaaqudgha
Makhleb
Nemelex Xobeh
Okawaru
Qazlal
Ru
Sif Muna
Trog
Uskayaw
Vehumet
Wu Jian
Xom
Yredelemnul
The Shining One

Shops:
D:6 *   D:7 (

Annotations:
D:4 3 runed translucent doors, jestert79's ghost, amateur DsAE
D:9 Jeremiah Gauntlet 8 transporters, exclusions: lightning spire and obsidian statue


Innate Abilities, Weirdness & Mutations

You are a tree.
Your roots penetrate the ground, keeping you stationary.
You cannot be teleported.
You are immune to unholy pain and torment.
Your maximum health is greatly increased.
Your equipment is partially melded.
You can wield a second weapon in your off-hand.
It takes a long time for you to wield or remove held weapons.
Your first few attacks do less damage.
You cannot equip rings or amulets.


Message History

Casting: Mephitic Cloud (dangerous; 22% risk of failure)
Confirm with . or Enter, or press ? or * to list all spells.
Aiming: Mephitic Cloud (dangerous; 22% risk of failure)
Press: ? - help, Shift-Dir - straight line, f - minotaur
Aim: a minotaur, wielding a +3 short sword of venom, wearing a +0 chain mail and quivering javelins (lightly wounded, lightly drained, chance to affect: 39%)
You feel a surge of power!
The ball explodes into a vile cloud!
The stinking cloud engulfs the minotaur.
The minotaur is lightly wounded.
You feel sick.
The minotaur is engulfed in noxious fumes.
The minotaur appears confused.
Unknown command.
You feel sick.
You hit the minotaur but do no damage.
The minotaur is lightly wounded.
You hit the minotaur with your +1 short sword of draining.
You drain the minotaur.
You feel sick.
You are no longer poisoned.
Unknown command.
Okay, then.
Aiming: Paralyse
Press: ? - help, Shift-Dir - straight line, f/p - minotaur
Aim: a minotaur, wielding a +3 short sword of venom, wearing a +0 chain mail and quivering javelins (lightly wounded, confused, lightly drained, chance to affect: 5%)
Okay, then.
You catch the helpless minotaur completely off-guard!
You hit the minotaur but do no damage. You drain the minotaur.
The minotaur is moderately wounded.
You catch the helpless minotaur completely off-guard!
You puncture the minotaur with your +0 dagger of speed!
Aiming: Paralyse
Press: ? - help, Shift-Dir - straight line, f/p - minotaur
Aim: a minotaur, wielding a +3 short sword of venom, wearing a +0 chain mail and quivering javelins (moderately wounded, confused, lightly drained, chance to affect: 8%)
The minotaur resists with almost no effort.
Aiming: Paralyse
Press: ? - help, Shift-Dir - straight line, f/p - minotaur
Aim: a minotaur, wielding a +3 short sword of venom, wearing a +0 chain mail and quivering javelins (moderately wounded, confused, lightly drained, chance to affect: 8%)
The minotaur resists with almost no effort.
The now-empty wand crumbles to dust.
The minotaur hits you with a +3 short sword of venom!!
You die...

.#.^##.##^.#...#s.P.P..#...#.#.#.
.#.#.###.#.#...#.#.#.#.#...#.####
.#†##...##.#...#sys©$..#...#.....
.#....©....#...#########...#..!=©
.###########...............######
.............ß.....ß.....ß.......
......ß.........................ß
.............#≈#########§#.......
#§#≈#≈#§#≈#≈####♣H.....####≈#≈#≈#
###############..ß.ß.ß..#########
##...©.☼§©...## #......§......#
###.###.###.### ##.###.###.###
#.............# #.###.###.###.#
#.###.###.###.#


You could see a minotaur (confused, drained), a moth of wrath and 2 redbacks.

Vanquished Creatures
  A hell hog (Gauntlet)
  2 cane toads (Lair:1)
  A tyrant leech (Gauntlet)
  2 wyverns
  4 yaks (Lair:1)
  2 fire bats (Gauntlet)
  2 water moccasins
  3 swamp worms (Gauntlet)
  2 hell hounds (Gauntlet)
  An orc warrior (D:9)
  A black bear (D:6)
  2 ice beasts (D:7)
  3 ogres
  2 centaurs
  A phantom (D:4)
  3 kobold brigands
  2 scorpions (D:5)
  5 bullfrogs
  4 killer bees (D:8)
  2 bombardier beetles
  3 orc priests
  5 hounds
  A jelly (D:6)
  2 sleepcaps
  5 iguanas
  7 orc wizards
  11 river rats
  9 adders
  A white imp (D:5)
  4 ufetubi
  3 dart slugs
  2 ribbon worms
  20 orcs
  7 ball pythons
  8 endoplasms
  5 giant cockroaches
  15 goblins
  4 hobgoblins
  16 jackals
  11 kobolds
  10 quokkas
  3 bats
  7 frilled lizards
  23 rats
227 creatures vanquished.

Notes
Turn   | Place    | Note
-------+----------+-------------------------------------------
     0 | D:1      | Shayle the Coglin Alchemist began the quest for the Orb.
     0 | D:1      | Reached XP level 1. HP: 13/13 MP: 3/3
    88 | D:1      | Reached skill level 1 in Conjurations
   271 | D:1      | Reached XP level 2. HP: 13/19 MP: 0/4
   599 | D:1      | Reached XP level 3. HP: 21/24 MP: 6/6
  1217 | D:2      | Reached XP level 4. HP: 30/30 MP: 7/7
  1772 | D:3      | Found a faded altar of an unknown god.
  1888 | D:3      | Upgraded the game from 0.32-a0-900-g30fb1b0edc to
                  | 0.32-a0-909-gc671339a80
  1935 | D:3      | Reached XP level 5. HP: 34/35 MP: 1/8
  2319 | D:3      | Identified the +8 ring mail of Makhleb's Fury {rCorr}
  2449 | D:4      | You fall into a shaft and drop 2 floors!
  2518 | D:6      | Reached skill level 1 in Fighting
  2518 | D:6      | Reached skill level 1 in Armour
  2539 | D:5      | Entered Level 5 of the Dungeon
  2539 | D:5      | Noticed an ogre
  2543 | D:5      | Found a hide-covered altar of Uskayaw.
  2580 | D:5      | Noticed a phantom
  2673 | D:4      | Found a glowing drain.
  2677 | Sewer    | Entered a sewer
  2746 | Sewer    | Noticed a kobold brigand
  2787 | Sewer    | Killed a kobold brigand
  2788 | Sewer    | Reached skill level 2 in Fighting
  2788 | Sewer    | Reached XP level 6. HP: 17/46 MP: 9/9
  2973 | Sewer    | Found a glowing silver altar of Zin.
  3235 | D:4      | Found a hazy altar of Hepliaklqana.
  3292 | D:4      | Reached skill level 3 in Fighting
  3432 | D:4      | Found a runed translucent gate.
  3432 | D:4      | Noticed jestert79's ghost (amateur DsAE)
  3434 | D:4      | Found a runed translucent gate.
  3434 | D:4      | Found a runed translucent gate.
  3486 | D:4      | Reached XP level 7. HP: 45/52 MP: 10/10
  3745 | D:4      | Reached skill level 4 in Fighting
  4103 | D:5      | Learned a level 3 spell: Mephitic Cloud
  4122 | D:5      | Found a shimmering altar of Xom.
  4124 | D:5      | Found a broken altar of Ashenzari.
  4126 | D:5      | Found a blossoming altar of Fedhas.
  4126 | D:5      | Found an ornate altar of the Wu Jian Council.
  4292 | D:5      | Reached XP level 8. HP: 59/61 MP: 11/11
  4470 | D:5      | Reached skill level 5 in Fighting
  4756 | D:6      | Reached skill level 5 in Armour
  5089 | D:6      | Reached skill level 6 in Fighting
  5168 | D:6      | Found Vimerenots's Fire Supplies.
  5737 | D:7      | Found a staircase to the Ecumenical Temple.
  5744 | Temple   | Entered the Ecumenical Temple
  5766 | Temple   | Became a worshipper of Makhleb the Destroyer
  5784 | D:7      | Noticed a wyvern
  5790 | D:7      | Killed a wyvern
  5791 | D:7      | Reached skill level 7 in Fighting
  5791 | D:7      | Reached skill level 1 in Long Blades
  5791 | D:7      | Reached XP level 9. HP: 72/72 MP: 12/12
  5961 | D:7      | Found an ancient bone altar of Kikubaaqudgha.
  6009 | D:7      | Found Qowec's Antique Weapon Emporium.
  6417 | D:8      | Identified the +4 chain mail of Wasted Space {^Drain rC+
                  | Str+3 SInv}
  6592 | D:8      | Found a basalt altar of Yredelemnul.
  6701 | D:8      | Found a sparkling altar of Nemelex Xobeh.
  7230 | D:8      | Reached skill level 8 in Fighting
  7506 | D:9      | Found a staircase to the Lair.
  7703 | D:9      | Reached * piety under Makhleb
  7713 | D:9      | Noticed Jeremiah
  7768 | Lair:1   | Entered Level 1 of the Lair of Beasts
  7855 | Lair:1   | Reached XP level 10. HP: 73/82 MP: 13/13
  7890 | Lair:1   | Noticed a cane toad
  7891 | Lair:1   | Noticed a cane toad
  7930 | Lair:1   | Killed a cane toad
  7931 | Lair:1   | Reached skill level 5 in Long Blades
  7961 | Lair:1   | Killed a cane toad
  7962 | Lair:1   | Reached skill level 9 in Fighting
  8019 | Lair:1   | Found a gate leading to a gauntlet.
  8026 | Gauntlet | Entered a Gauntlet
  8026 | Gauntlet | Found a transporter.
  8029 | Gauntlet | Found a transporter.
  8029 | Gauntlet | Noticed a hell hog
  8031 | Gauntlet | Found a transporter.
  8034 | Gauntlet | Found a transporter.
  8035 | Gauntlet | Found a transporter.
  8038 | Gauntlet | Noticed a moth of wrath
  8041 | Gauntlet | Found a transporter.
  8045 | Gauntlet | Found a transporter.
  8061 | Gauntlet | Noticed an elephant
  8061 | Gauntlet | Noticed a dire elephant
  8064 | Gauntlet | Found a transporter.
  8065 | Gauntlet | Noticed an elephant
  8068 | Gauntlet | Noticed an elephant
  8081 | Gauntlet | Found a transporter.
  8085 | Gauntlet | Found a transporter.
  8087 | Gauntlet | Noticed an obsidian statue
  8095 | Gauntlet | Found a transporter.
  8151 | Gauntlet | Found a transporter.
  8208 | Gauntlet | Noticed a lightning spire
  8299 | Gauntlet | Identified the +1 morningstar of Skirmishing {freeze, rPois
                  | rN+ rCorr Stlth-}
  8330 | Gauntlet | Killed a hell hog
  8937 | Gauntlet | Noticed a minotaur
  8964 | Gauntlet | HP: 6/126 [poisoned by a minotaur]
  8969 | Gauntlet | HP: 3/126 [poisoned by a minotaur]
  8972 | Gauntlet | Demolished by a minotaur

Illustrated notes

Levels and vault maps discovered:
D:1:      kilobyte_arrival_exit_the_forest, layout_basic
D:2:      layout_basic
D:3:      layout_loops_ring, ebering_ecumenical_altar_rust
D:4:      layout_loops_ring, mainiacjoe_overflow_six_doors_small,
          mainiacjoe_sewer_entry_somewhere_in_here_2,
          gammafunk_ghost_nasty_kobolds
D:5:      layout_basic, nicolae_uskayaw_dance_hall,
          mainiacjoe_overflow_alcove_3, grunt_ministairs_13,
          nicolae_kite_square_tiling_tiny
D:6:      lemuel_ratsnest, layout_basic, nicolae_shop_fire_sale
          [nicolae_sub_dead_trees], minmay_ogre_servants
D:7:      layout_basic, kiku_gazebo_pond_becter, temple_green,
          nicolae_stop_n_shop_1
D:8:      layout_layer_cave, lemuel_crystal_altar, nemelex_diamond_rough_becter
D:9:      layout_stronghold, zin_scriptorium, lair_entry_dummy,
          guppyfry_early_elven_hall, uniq_jeremiah
Temple:   nicolae_temple_bog_church
Lair:1:   layout_regular_city, gauntlet_entry_generic, lemuel_fruit_fields,
          serial_bayou_shore_a, infiniplex_staircase_pool
Gauntlet: minmay_gauntlet_mixed_oops_all_seconds
          [minmay_gauntlet_arena_77_terracotta_army,
          gammafunk_gauntlet_arena_spirals,
          minmay_gauntlet_arena_77_broken_ladder,
          gammafunk_gauntlet_arena_corners, minmay_gauntlet_arena_77_museum,
          gammafunk_gauntlet_arena_teeth, gauntlet_exit_watery]

Skill      XL: |  1  2  3  4  5  6  7  8  9 10 |
---------------+-------------------------------+-----
Conjurations   | 1 2 |  2.2
Dodging        | 2 |  2.8
Spellcasting   | 2 |  2.5
Alchemy        | 4 |  4.2
Fighting       | 2 3 4 7 8 9 |  9.7
Armour         | 2 3 4 6 7 8 |  8.8
Long Blades    | 1 4 6 |  6.5
Stealth        | |  1.5

Action                     |  1- 3 |  4- 6 |  7- 9 | 10-12 || total
---------------------------+-------+-------+-------+-------++-------
  Melee: Whip              |    54 |       |       |       ||    54
         Unarmed           |     1 |       |       |       ||     1
         Short sword       |    41 |   214 |   519 |   102 ||   876
         Dagger            |    40 |   189 |   485 |   103 ||   817
  Throw: Dart              |       |       |     3 |     2 ||     5
   Cast: Sting             |    20 |    12 |       |       ||    32
         Mephitic Cloud    |       |       |       |     8 ||     8
  Evoke: Wand              |       |     1 |     8 |     3 ||    12
    Use: Scroll            |     2 |     6 |    11 |     2 ||    21
         Potion            |       |     1 |       |     7 ||     8
   Stab: Sleeping          |     6 |     3 |     1 |       ||    10
         Distracted        |     1 |       |       |       ||     1
         Paralysed         |       |     6 |    14 |       ||    20
         Confused          |       |       |       |     8 ||     8
 Armour: Robe              |    59 |    23 |       |    42 ||   124
         Ring mail         |       |   125 |   334 |    38 ||   497
         Skin              |       |       |       |     1 ||     1
  Dodge: Dodged            |    59 |   132 |   246 |    37 ||   474

Table legend: (Time is in decaauts)
 A = Elapsed time spent in this place.
 B = Non-inter-level travel time spent in this place.
 C = Inter-level travel time spent in this place.
 D = Time resting spent in this place.
 E = Time spent auto-exploring this place.
 F = Levels seen in this place.
 G = Mean time per level.
                   A        B        C        D        E       F      G
               +--------+--------+--------+--------+--------+-----+--------+
         Total |   8877 |   8639 |    238 |    932 |   4878 |  13 |  682.8 |
       Dungeon |   7242 |   7016 |    226 |    250 |   4739 |   9 |  804.7 |
        Temple |     28 |     16 |     12 |      0 |      0 |   1 |   28.0 |
          Lair |    233 |    233 |      0 |      0 |     23 |   1 |  233.0 |
         Sewer |    435 |    435 |      0 |    121 |    115 |   1 |  435.0 |
      Gauntlet |    937 |    937 |      0 |    561 |      0 |   1 |  937.0 |
               +--------+--------+--------+--------+--------+-----+--------+

Top non-repeatable levels by time:
     D:8: 1088 daAuts
     D:6: 1048 daAuts
     D:5: 961 daAuts
Gauntlet: 937 daAuts
     D:1: 904 daAuts
     D:4: 850 daAuts
     D:3: 830 daAuts
     D:2: 675 daAuts
     D:7: 633 daAuts
   Sewer: 435 daAuts
     D:9: 249 daAuts
  Lair:1: 233 daAuts
  Temple: 28 daAuts
